 Dungeon Crawl Stone Soup version 0.29.1-12-g30fa7ad0bf (webtiles) character file.

Game seed: 6736828709857969860

176305 sanboga the Executioner (level 17, -4/252 HPs)
             Began as a Minotaur Berserker on Dec 17, 2022.
             Was the Champion of Trog.
             Slain by a naga warrior
             ... wielding a +0 battleaxe
              (14 damage)
             ... on level 3 of the Snake Pit.
             The game lasted 00:45:10 (33537 turns).

sanboga the Executioner (Minotaur Berserker)       Turns: 33537, Time: 00:45:11

Health: -4/252     AC: 34    Str: 39    XL:     17   Next: 50%
Magic:  16/16      EV:  7    Int:  4    God:    Trog [******]
Gold:   479        SH:  5    Dex: 14    Spells: 16/16 levels left

rFire   + . .      SeeInvis .   N - +13 battleaxe of Valiance {vorpal, *Slow Str+4 Dex+3}
rCold   + . .      Faith    .   (shield currently unavailable)
rNeg    . . .      Spirit   .   r - +1 plate armour {rPois}
rPois   +          Reflect  +   o - +2 hat {Will+}
rElec   +          Harm     .   s - +1 cloak
rCorr   .          Rampage  .   R - +0 pair of gloves of Valour {rElec rC+}
Will    +....                   M - +2 pair of boots
Stlth   ..........              n - amulet of reflection
HPRegen 0.52/turn               d - +4 ring of protection
MPRegen 0.15/turn               P - ring "Heputoax" {+Blink rF+ Str+6}

@: berserking, lethally poisoned (-4 -> -15), weak-willed, constricted, slow
A: horns 2, retaliatory headbutt
a: Renounce Religion, Evoke Blink, Berserk, Trog's Hand, Brothers in Arms


You were on level 3 of the Snake Pit.
You worshipped Trog.
Trog was exalted by your worship.
You visited 4 branches of the dungeon, and saw 25 of its levels.
You also visited: Gauntlet and Ice Cave.

You collected 2865 gold pieces.
You spent 2386 gold pieces at shops.

Inventory:

Hand Weapons
 h - a +7 executioner's axe of draining
 u - a +1 battleaxe of flaming
 F - a +0 vampiric war axe
 N - the +13 battleaxe of Valiance (weapon) {vorpal, *Slow Str+4 Dex+3}
   (Trog gifted it to you on level 2 of the Lair of Beasts)

   It inflicts extra damage upon your enemies.
   Str:       It affects your strength (+4).
   Dex:       It affects your dexterity (+3).
   *Slow:     It may slow you when you take damage.
Armour
 o - a +2 hat of willpower (worn)
 r - a +1 plate armour of poison resistance (worn)
 s - a +1 cloak (worn)
 M - a +2 pair of boots (worn)
 R - the +0 pair of gloves of Valour (worn) {rElec rC+}
   (You found it in a Gauntlet)

   rC:        It protects you from cold.
   rElec:     It insulates you from electricity.
Jewellery
 d - a +4 ring of protection (left hand)
 n - an amulet of reflection (around neck)
 x - a ring of protection from fire
 J - a ring of ice
 P - the ring "Heputoax" (right hand) {+Blink rF+ Str+6}
   (You took it off a minotaur in a Gauntlet)

   [ring of protection from fire]

   Str:       It affects your strength (+6).
   rF:        It protects you from fire.
   +Blink:    It lets you blink.
Wands
 c - a wand of mindburst (13)
 j - a wand of digging (6)
 l - a wand of quicksilver (14)
 D - a wand of flame (18)
 G - a wand of roots (3)
 H - a wand of polymorph (11)
 I - a wand of charming (16)
Scrolls
 g - 6 scrolls of fog
 i - 7 scrolls of magic mapping
 m - 8 scrolls of fear
 q - 7 scrolls of teleportation
 t - 11 scrolls of blinking
 w - a scroll of summoning
 A - 4 scrolls of enchant armour
 E - 3 scrolls of silence
 O - 5 scrolls of identify
Potions
 a - a potion of flight
 b - 6 potions of haste
 e - 2 potions of mutation
 f - 17 potions of curing
 k - 5 potions of ambrosia
 p - 3 potions of cancellation
 z - 4 potions of resistance
 B - 6 potions of might
 C - 13 potions of heal wounds
 K - 2 potions of berserk rage
 L - 2 potions of invisibility


   Skills:
 + Level 19.4 Fighting
 * Level 26.2 Axes
 + Level 19.3 Armour
 - Level 2.1 Dodging


You had 16 spell levels left.
You didn't know any spells.
Your spell library was empty.

Dungeon Overview and Level Annotations

Branches:
Dungeon (15/15)            Temple (0/1) D:5            Lair (5/5) D:10
 Shoals (0/4) Lair:3        Snake (3/4) Lair:3        Slime (0/5) Lair:4
    Orc (2/2) D:12            Elf (0/3) Orc:2        Vaults (0/5) D:14
 Depths (0/4) D:15          IceCv (visited)         Gauntlet (visited)

Altars:
Fedhas
Gozag
Hepliaklqana
Qazlal
Sif Muna
Vehumet
Wu Jian
Xom
Yredelemnul
Jiyva

Shops:
D:5 *!*   D:8 !=   D:9 (   D:11 *:=   D:14 !   Orc:1 ?(*[   Orc:2 ?:[?[*[!=[

Portals:
Abyss: D:7

Annotations:
D:12 2 transporters, BillyBaka's ghost, journeyman MiFi


Innate Abilities, Weirdness & Mutations

You have a pair of horns on your head.
You reflexively headbutt those who attack you in melee.


Message History

The naga sharpshooter casts a spell.
The naga sharpshooter magically shoots an arrow.
The arrow hits you but does no damage. The naga warrior barely misses you.
You furiously retaliate!
You headbutt the naga warrior! The nagaraja casts a spell at you.
The poison arrow hits you!
You are more poisoned.
You partially resist.
* * * LOW HITPOINT WARNING * * *
Your unstable footing causes you to fumble your attack.
You feel very sick.
A black mamba comes into view.
The anaconda barely misses you.
The naga warrior hits you but does no damage.
The phantasmal warrior hits you!!
* * * LOW HITPOINT WARNING * * *
Your unstable footing causes you to fumble your attack.
You feel sick.
The black mamba hisses angrily.
The anaconda barely misses you. You furiously retaliate!
You headbutt the anaconda!
The naga warrior roars a battlecry!
The naga warrior goes into a battle-frenzy!
The naga warrior constricts you. You block the naga warrior's attack.
Your unstable footing causes you to fumble your attack.
You feel sick. The naga warrior closely misses you.
The anaconda bites you but does no damage.
The nagaraja hits you from afar with a +0 spear.
* * * LOW HITPOINT WARNING * * *
The phantasmal warrior hits you.
* * * LOW HITPOINT WARNING * * *
Your willpower is stripped away!
Your unstable footing causes you to fumble your attack.
* * * LOW HITPOINT WARNING * * *
You feel sick. The naga warrior spits poison at you.
The splash of poison hits you but does no damage.
You resist. The naga warrior constricts you.
The naga warrior hits you with a +0 battleaxe!
You die...

** **...,***,,* **,* *,***
,##*#...##*#..## *#..##*******,,*
,.##......##...###..(.,,,,,,**,,,
,....................,,,,,,,***,,
#.......,.........,.#*,.,,,,* **,
.......#**#.....#*~~##~~**,,* **
....##..####....##NZ....**,,**
.####**#......)NNN......,~,,,***
.# *#......S@W......,~,,,,,* ##
#..###.##N......,**,**,* # ##.##
#ยง#*.......,**,*,,** ## #..#
#..~.......,~,,,**,* .## #.##
#[.~.......,~,,,***, ..## ##.#
*#..##......**,,,* ** #..## #.##
*...#*~~##~~**,,** ##..###.#
*....,..#*..,,,,* .##.....#*
*,,,,,,,,,,,,,,,*


You could see a nagaraja (fast, strong), 3 naga warriors, a naga sharpshooter
(strong), an anaconda, a phantasmal warrior and a spectral naga warrior.

Vanquished Creatures
  Mlioglotl (Snake:2)
  Frances (Snake:2)
  A nagaraja (Snake:2)
  2 orc warlords (Orc:1)
  The ghost of Kiokkeho the Brawler, a journeyman TrMo of Qazlal (D:13)
  3 very ugly things
  A reaper (Gauntlet)
  4 dire elephants (Lair:5)
  Snorg (D:12)
  A minotaur (Gauntlet)
  Azrael (Snake:1)
  Josephine (Orc:1)
  Harold (Orc:1)
  2 fire dragons (D:15)
  A boulder beetle (D:14)
  Fannar (D:12)
  Erolcha (D:10)
  4 vault guards (D:14)
  A caustic shrike simulacrum (IceCv)
  Erica (D:8)
  A radroach (shapeshifter) (Gauntlet)
  8 centaur warriors
  13 hydras
  6 anacondas
  A catoblepas (Lair:4)
  4 ogre magi
  9 two-headed ogres
  13 death yaks
  A dancing weapon (D:13)
  8 naga warriors
  A tengu warrior (D:14)
  A deep elf knight (D:12)
  4 naga sharpshooters (Snake:1)
  The ghost of javelincjr the Magician, a novice DjCj of Qazlal (D:7)
  4 orc high priests
  10 shock serpents
  A spectral death yak (Lair:5)
  A spectral anaconda (Lair:5)
  2 deep trolls (Orc:2)
  A deep elf archer (Orc:1)
  3 naga ritualists
  2 wizards
  4 necromancers (Lair:5)
  2 orange crystal statues (IceCv)
  9 orc knights
  A harpy (shapeshifter) (D:12)
  An obsidian statue (Lair:5)
  22 mana vipers
  7 ugly things
  6 deep elf pyromancers
  5 orc sorcerers (Orc:1)
  A manticore (D:14)
  4 salamanders
  10 cyclopes
  14 elephants
  A dire elephant zombie (Lair:5)
  A merfolk siren (Lair:3)
  A torpor snail (Lair:2)
  A guardian serpent (Snake:2)
  2 gargoyles
  30 black mambas
  8 cane toads
  9 naga magi
  4 rime drakes
  9 komodo dragons
  A yaktaur (shapeshifter) (Gauntlet)
  An anaconda simulacrum (IceCv)
  3 freezing wraiths (IceCv)
  A yaktaur (D:14)
  A hellwing (D:7)
  A spectral naga (Snake:3)
  2 golden dragon simulacra (IceCv)
  A meliai (shapeshifter) (Gauntlet)
  A merfolk (D:14)
  A queen bee (D:13)
  A polar bear (Lair:4)
  3 meliai (D:13)
  10 trolls
  4 spectral elephants (Lair:5)
  11 slime creatures
  A dream sheep (shapeshifter) (Gauntlet)
  4 wyverns
  7 wraiths
  3 vampires
  A dire elephant simulacrum (IceCv)
  3 small abominations (D:7)
  2 water elementals
  60 yaks
  2 basilisks (Lair:3)
  3 humans
  18 vampire mosquitoes
  2 steam dragons (D:5)
  4 harpy simulacra (IceCv)
  4 wargs
  3 death yak simulacra (Lair:5)
  23 nagas
  3 spectral cane toads (Lair:5)
  3 acid dragons
  14 two-headed ogre zombies (D:14)
  3 hydra simulacra (IceCv)
  6 hell hounds (Snake:1)
  14 water moccasins
  24 orc warriors
  Pargi (D:4)
  2 ettin simulacra (IceCv)
  2 ice beasts
  A sky beast (D:7)
  2 elephant zombies (Lair:5)
  3 alligator simulacra (IceCv)
  4 boggarts (D:15)
  20 ogres
  9 centaurs
  An elephant skeleton (Lair:5)
  2 phantoms
  28 wolves
  2 kobold brigands
  A gnoll sergeant (D:9)
  Blork the orc (D:4)
  9 bullfrogs
  4 scorpions
  A cane toad simulacrum (Lair:5)
  3 necrophages
  9 wights
  2 elephant simulacra (Lair:5)
  23 killer bees
  5 howler monkeys
  8 electric eels
  6 hounds
  Crazy Yiuf (D:2)
  A human zombie (D:3)
  10 jellies
  A gnoll bouda (D:8)
  17 orc priests
  An iron imp (D:7)
  30 orc wizards
  Terence (D:2)
  7 iguanas
  4 hell rats (Lair:5)
  Robin (D:4)
  17 gnolls
  7 adders
  4 shadow imps
  A white imp (D:5)
  5 worms
  71 orcs
  7 ball pythons
  20 endoplasms
  7 giant cockroaches
  15 goblins
  10 hobgoblins
  6 jackals
  11 kobolds
  7 quokkas
  4 bats
  5 frilled lizards
  A jackal skeleton (D:3)
  A kobold zombie (D:3)
  A rat (D:3)
  A butterfly (D:6)
  A withered plant (Lair:5)
951 creatures vanquished.

Vanquished Creatures (collateral kills)
  A hydra (D:12)
  A wolf spider (D:12)
  2 centaurs (D:12)
4 creatures vanquished.

Vanquished Creatures (others)
  A deep elf pyromancer (Orc:1)
  A bush (Lair:2)
  40 fungi
  49 plants
  38 withered plants
129 creatures vanquished.

Grand Total: 1084 creatures vanquished

Notes
Turn   | Place    | Note
-------+----------+-------------------------------------------
     0 | D:1      | sanboga the Minotaur Berserker began the quest for the Orb.
     0 | D:1      | Reached XP level 1. HP: 19/19 MP: 0/0
    19 | D:1      | Reached skill level 4 in Axes
    19 | D:1      | Reached XP level 2. HP: 27/27 MP: 1/1
   943 | D:2      | Reached XP level 3. HP: 33/33 MP: 2/2
   990 | D:2      | Noticed Terence
  1022 | D:2      | Killed Terence
  1023 | D:2      | Reached skill level 5 in Axes
  1023 | D:2      | Reached XP level 4. HP: 27/41 MP: 3/3
  1055 | D:2      | Identified the +2 helmet of the Storm King {rC+ Int+2
                  | Dex+3}
  1314 | D:2      | Reached ** piety under Trog
  1423 | D:2      | Found a runed translucent door.
  1424 | D:2      | Noticed Crazy Yiuf
  1511 | D:2      | Found a faded altar of an unknown god.
  1730 | D:2      | Killed Crazy Yiuf
  1878 | D:3      | Reached XP level 5. HP: 47/47 MP: 4/4
  1879 | D:3      | Found a blossoming altar of Fedhas.
  2382 | D:3      | Found a runed translucent door.
  2382 | D:3      | Noticed a human
  2386 | D:3      | Found a basalt altar of Yredelemnul.
  2390 | D:3      | Reached skill level 6 in Axes
  2403 | D:3      | Reached skill level 5 in Fighting
  2418 | D:3      | Killed a human
  2419 | D:3      | Reached XP level 6. HP: 56/56 MP: 5/5
  2659 | D:4      | Reached *** piety under Trog
  2735 | D:4      | Reached skill level 7 in Axes
  2780 | D:4      | Reached skill level 5 in Armour
  2780 | D:4      | Reached XP level 7. HP: 45/62 MP: 6/6
  2786 | D:4      | Identified the +1 falchion of Plog {flame, Fragile rC++
                  | Str+4 SInv}
  2897 | D:4      | Noticed Pargi
  2901 | D:4      | Killed Pargi
  2902 | D:4      | Reached skill level 8 in Axes
  2919 | D:4      | Noticed Blork the orc
  2926 | D:4      | Killed Blork the orc
  2999 | D:4      | Noticed Robin
  3008 | D:4      | Killed Robin
  3442 | D:5      | Entered Level 5 of the Dungeon
  3505 | D:5      | Found Civatum's Distillery.
  3559 | D:5      | Found Hyreh's General Store.
  3562 | D:5      | Bought a scroll of magic mapping for 90 gold pieces
  3562 | D:5      | Bought a scroll of identify for 24 gold pieces
  3562 | D:5      | Bought a potion of curing for 36 gold pieces
  3761 | D:5      | Reached XP level 8. HP: 38/71 MP: 7/7
  3806 | D:5      | Found Guusah's CLEARANCE SALE!.
  3814 | D:5      | Bought a scroll of vulnerability for 24 gold pieces
  3829 | D:5      | Reached **** piety under Trog
  3847 | D:5      | Reached skill level 9 in Axes
  3949 | D:5      | Found a staircase to the Ecumenical Temple.
  4715 | D:6      | Reached skill level 10 in Axes
  4777 | D:6      | Found a shimmering altar of Xom.
  4782 | D:6      | Reached XP level 9. HP: 81/81 MP: 8/8
  5092 | D:6      | Reached skill level 11 in Axes
  5451 | D:7      | Found a transporter.
  5455 | D:7      | Found a transporter.
  5460 | D:7      | Noticed javelincjr's ghost (novice DjCj)
  5465 | D:7      | Noticed a hellwing
  5471 | D:7      | Found a one-way gate to the infinite horrors of the Abyss.
  5688 | D:7      | Killed a hellwing
  5693 | D:7      | Killed javelincjr's ghost
  5694 | D:7      | Reached skill level 12 in Axes
  6133 | D:7      | Reached XP level 10. HP: 73/91 MP: 9/9
  6143 | D:7      | Reached ***** piety under Trog
  6347 | D:7      | Found an ornate altar of the Wu Jian Council.
  6490 | D:7      | Reached skill level 13 in Axes
  6674 | D:8      | Found an opulent altar of Gozag.
  6716 | D:8      | Noticed Erica
  6730 | D:8      | Killed Erica
  7085 | D:8      | Found Batoiluo's Distillery.
  7099 | D:8      | Reached skill level 10 in Fighting
  7105 | D:8      | Bought a potion of might for 56 gold pieces
  7105 | D:8      | Bought a potion of heal wounds for 70 gold pieces
  7188 | D:8      | Found a stormy altar of Qazlal.
  7219 | D:8      | Received a gift from Trog
  7328 | D:8      | Found Ydoveg's Jewellery Shop.
  7777 | D:8      | Reached skill level 10 in Armour
  7784 | D:8      | Reached skill level 14 in Axes
  8058 | D:8      | Found a hazy altar of Hepliaklqana.
  8372 | D:9      | Noticed a cyclops
  8372 | D:9      | Noticed a centaur warrior
  8521 | D:9      | Killed a centaur warrior
  8525 | D:9      | Killed a cyclops
  8544 | D:9      | Identified the +8 rapier of Xuohiud {vamp, Will+ rCorr
                  | Int+2 Stlth+}
  8676 | D:9      | Found Mosu's Antique Weapon Emporium.
  8751 | D:9      | Found a shimmering blue altar of Sif Muna.
  8944 | D:10     | Entered Level 10 of the Dungeon
  8997 | D:10     | Reached XP level 11. HP: 100/101 MP: 10/10
  9073 | D:8      | Bought a potion of haste for 140 gold pieces
  9154 | D:10     | Noticed Erolcha
  9162 | D:10     | Killed Erolcha
  9518 | D:8      | Bought a potion of might for 56 gold pieces
  9712 | D:10     | Reached skill level 15 in Axes
  9804 | D:10     | Found a staircase to the Lair.
 11195 | D:11     | Found Aredu's Assorted Antiques.
 11199 | D:11     | Found Soqoaz's Book Emporium.
 11201 | D:11     | Found Piaps's Jewellery Shoppe.
 11235 | D:11     | Bought a scroll of identify for 48 gold pieces
 11632 | D:12     | Found a transporter.
 11635 | D:12     | Noticed a deep elf pyromancer
 11638 | D:12     | Noticed a four-headed hydra
 11638 | D:12     | Noticed BillyBaka's ghost (journeyman MiFi)
 11642 | D:12     | Noticed a six-headed hydra
 11643 | D:12     | Noticed a white ugly thing
 11785 | D:12     | Noticed a two-headed ogre
 11790 | D:12     | Killed a two-headed ogre
 11791 | D:12     | Reached skill level 16 in Axes
 11866 | D:12     | Noticed a six-headed hydra
 11876 | D:12     | Killed a 12-headed hydra
 11877 | D:12     | Noticed a deep elf knight
 11902 | D:12     | Noticed Fannar
 12060 | D:12     | Noticed a harpy
 12069 | D:12     | Killed a harpy
 12070 | D:12     | Killed Fannar
 12073 | D:12     | Killed a deep elf knight
 12164 | D:12     | Found a transporter.
 12173 | D:12     | Noticed a wolf spider
 12189 | D:12     | Reached XP level 12. HP: 111/112 MP: 11/11
 12196 | D:12     | Noticed a four-headed hydra
 12196 | D:12     | Noticed a purple very ugly thing
 12230 | D:12     | Killed a four-headed hydra
 12234 | D:12     | Killed a purple very ugly thing
 12236 | D:12     | Reached skill level 17 in Axes
 12336 | D:12     | Identified the +0 leather armour "Danatie" {Will- Regen+
                  | Dex+9 Slay-2}
 12400 | D:12     | Found a staircase to the Orcish Mines.
 12417 | D:12     | Noticed Snorg
 12432 | D:12     | Killed Snorg
 12680 | D:12     | Noticed a seven-headed hydra
 12688 | D:12     | Killed a ten-headed hydra
 13403 | D:8      | Bought a potion of heal wounds for 70 gold pieces
 13574 | D:13     | Noticed a seven-headed hydra
 13580 | D:13     | Killed a ten-headed hydra
 13703 | D:13     | Noticed a six-headed hydra
 13708 | D:13     | Killed an eight-headed hydra
 13873 | D:13     | Found a runed translucent door.
 13889 | D:13     | Found a shimmering altar of Xom.
 13889 | D:13     | Noticed Kiokkeho's ghost (journeyman TrMo)
 13913 | D:13     | Killed Kiokkeho's ghost
 13914 | D:13     | Reached skill level 18 in Axes
 14198 | D:13     | Noticed a centaur warrior
 14207 | D:13     | Killed a centaur warrior
 14427 | D:13     | Noticed a centaur warrior
 14434 | D:13     | Killed a centaur warrior
 15135 | D:8      | Bought a potion of heal wounds for 70 gold pieces
 15334 | D:14     | Reached XP level 13. HP: 120/123 MP: 12/12
 15731 | D:14     | Reached skill level 19 in Axes
 15833 | D:14     | Found a gate to the Vaults.
 16458 | D:15     | Entered Level 15 of the Dungeon
 17027 | D:15     | Reached skill level 20 in Axes
 17910 | D:14     | Found Iqeme's Distillery.
 17918 | D:14     | Bought a potion of heal wounds for 55 gold pieces
 17918 | D:14     | Bought a potion of heal wounds for 55 gold pieces
 18115 | D:15     | Reached skill level 15 in Fighting
 18128 | D:15     | Received a gift from Trog
 18450 | D:15     | Reached XP level 14. HP: 129/135 MP: 13/13
 18474 | D:15     | Reached skill level 15 in Armour
 18555 | D:15     | Found a staircase to the Depths.
 19225 | Lair:1   | Entered Level 1 of the Lair of Beasts
 20634 | Lair:2   | Reached skill level 21 in Axes
 21544 | Lair:2   | Identified the +13 battleaxe of Valiance {vorpal, *Slow
                  | Str+4 Dex+3} (Trog gifted it to you on level 2 of the Lair
                  | of Beasts)
 21544 | Lair:2   | Received a gift from Trog
 22039 | Lair:3   | Found a staircase to the Snake Pit.
 22362 | Lair:3   | Reached skill level 22 in Axes
 22672 | Lair:3   | Reached XP level 15. HP: 145/145 MP: 14/14
 22914 | Lair:3   | Found a staircase to the Shoals.
 23466 | Lair:4   | Received a gift from Trog
 23868 | Lair:4   | Found a viscous altar of Jiyva.
 23868 | Lair:4   | Found a staircase to the Slime Pits.
 24120 | Lair:5   | Entered Level 5 of the Lair of Beasts
 24123 | Lair:5   | Found a gate leading to a gauntlet.
 24144 | Gauntlet | Entered a Gauntlet
 24144 | Gauntlet | Found a transporter.
 24144 | Gauntlet | Found a transporter.
 24144 | Gauntlet | Found a transporter.
 24153 | Gauntlet | Found a transporter.
 24163 | Gauntlet | Found a transporter.
 24178 | Gauntlet | Found a transporter.
 24194 | Gauntlet | Found a transporter.
 24204 | Gauntlet | Found a transporter.
 24210 | Gauntlet | Found a transporter.
 24223 | Gauntlet | Identified a scroll of acquirement
 24224 | Gauntlet | Found a transporter.
 24230 | Gauntlet | Found a transporter.
 24234 | Gauntlet | Found a transporter.
 24280 | Gauntlet | Noticed an azure jelly
 24280 | Gauntlet | a catoblepas changed into an azure jelly
 24281 | Gauntlet | an azure jelly changed into an eleionoma
 24283 | Gauntlet | Noticed a shadow dragon
 24283 | Gauntlet | an eleionoma changed into a shadow dragon
 24391 | Gauntlet | Identified the ring "Kuockoce" {rN+ Int+2}
 24429 | Gauntlet | Identified the ring "Heputoax" {+Blink rF+ Str+6}
 24449 | Gauntlet | Identified the +0 pair of gloves of Valour {rElec rC+}
 24449 | Gauntlet | Identified the +1 pair of boots "Hanamuo" {rElec Int+2}
 24595 | Lair:5   | Acquired a +2 hat of willpower
 24880 | Lair:5   | Reached skill level 23 in Axes
 25589 | Lair:5   | Identified the +7 chain mail of Cocytus {rPois Str-2 SInv}
 25657 | Lair:5   | Received a gift from Trog
 25867 | Lair:5   | Identified the amulet "Nulali" {Drain rElec rPois Will+
                  | Regen+}
 26749 | Orc:1    | Entered Level 1 of the Orcish Mines
 26749 | Orc:1    | Noticed Josephine
 26759 | Orc:1    | Killed Josephine
 26819 | Orc:1    | Found Ymaagoza's Assorted Antiques.
 26841 | Orc:1    | Found Davuagup's Antique Weapon Shoppe.
 26918 | Orc:1    | Received a gift from Trog
 26942 | Orc:1    | Noticed an orc warlord
 26956 | Orc:1    | Killed an orc warlord
 27302 | Orc:1    | Noticed an orc warlord
 27323 | Orc:1    | Reached XP level 16. HP: 156/156 MP: 15/15
 27389 | Orc:1    | Found Siptedyo's Magic Scroll Emporium.
 27398 | Orc:1    | Bought a scroll of magic mapping for 120 gold pieces
 27398 | Orc:1    | Bought a scroll of enchant armour for 120 gold pieces
 27398 | Orc:1    | Bought a scroll of magic mapping for 120 gold pieces
 27459 | Orc:1    | Found Maajyapo's Armour Boutique.
 27524 | Orc:1    | Noticed Harold
 27532 | Orc:1    | Killed Harold
 27804 | Orc:2    | Entered Level 2 of the Orcish Mines
 27812 | Orc:2    | Found Esuciaf's Magic Scroll Shoppe.
 27922 | Orc:2    | Reached ****** piety under Trog
 27923 | Orc:2    | Reached skill level 24 in Axes
 27948 | Orc:1    | Received a gift from Trog
 28278 | Orc:2    | Bought a scroll of blinking for 120 gold pieces
 28293 | Orc:2    | Found Jinakud's Antique Armour Boutique.
 28299 | Orc:2    | Found Zoyrosch's Antique Armour Shop.
 28329 | Orc:2    | Found Byloz's Assorted Antiques.
 28334 | Orc:2    | Found Edaegosk's Distillery.
 28362 | Orc:2    | Found Kotru's Book Shop.
 28443 | Orc:2    | Found Qenwesim's Jewellery Boutique.
 28446 | Orc:2    | Bought a potion of heal wounds for 80 gold pieces
 28446 | Orc:2    | Bought a potion of heal wounds for 80 gold pieces
 28534 | Orc:2    | Found Bul Kizuraut's Armour Shop.
 28579 | Orc:2    | Found Bipel's Magic Scroll Shop.
 28618 | Orc:2    | Found a staircase to the Elven Halls.
 28786 | Orc:2    | Received a gift from Trog
 28814 | Orc:2    | Found a radiant altar of Vehumet.
 28840 | Orc:2    | Found Ulexzei's Armour Shoppe.
 29076 | Orc:2    | Bought a shimmering plate armour for 952 gold pieces
 29076 | Orc:2    | Identified the +1 plate armour of the Burning Gods {rF+
                  | rCorr} (You bought it in a shop on level 2 of the Orcish
                  | Mines)
 29274 | Snake:1  | Entered Level 1 of the Snake Pit
 29707 | Snake:1  | Noticed Azrael
 29716 | Snake:1  | Killed Azrael
 29910 | Snake:1  | Reached skill level 25 in Axes
 30341 | Snake:1  | Identified the +5 long sword "Usmiqih" {vorpal, Contam
                  | rN+++ Will+}
 30915 | Snake:2  | Received a gift from Trog
 31216 | Snake:2  | Noticed Frances
 31226 | Snake:2  | Killed Frances
 31374 | Snake:2  | Reached XP level 17. HP: 92/166 MP: 16/16
 31940 | Snake:2  | Noticed Mlioglotl
 31947 | Snake:2  | Noticed a bone dragon
 31954 | Snake:2  | Killed Mlioglotl
 32874 | Snake:3  | Found a frozen archway.
 32883 | IceCv    | Entered an ice cave
 32903 | IceCv    | Reached skill level 26 in Axes
 32911 | IceCv    | Received a gift from Trog
 33536 | Snake:3  | HP: 12/252 [phantasmal warrior (5)]
 33537 | Snake:3  | Slain by a naga warrior

Illustrated notes

Levels and vault maps discovered:
D:1:      dpeg_arrival_lava_altar, layout_basic, minmay_misc_feat_chi,
          amcnicky_mini_pool_small, bh_walls_and_bars
D:2:      layout_loops_cross, hellmonk_ecumenical_altar_inner_sanctum,
          nicolae_kite_square_tiling_tiny, kennysheep_generic_room_14,
          uniq_terence, uniq_crazy_yiuf_cottage
D:3:      layout_loops_ring, fedhas_ov_isle_minmay, dk_yredelemnul_ordeal,
          minmay_goblin_kobold_house
D:4:      layout_loops_ring, uniq_blork_the_orc, uniq_pargi, uniq_robin
D:5:      kennysheep_steamy, layout_basic, minmay_temple_entry_fiery,
          serial_shops, kennysheep_mini_moat, nicolae_take_the_stairs,
          nicolae_shop_clearance
D:6:      layout_loops_ring, xom_butterflies, minivault_26,
          chequers_serial_rivers_room_a
D:7:      layout_loops_cross, nicolae_wu_jian_wuxing_cycle,
          gammafunk_ghost_abyssal_escape
D:8:      layout_basic, nicolae_qazlal_style_of_elements,
          mainiacjoe_overflow_surrounded_room, lemuel_round_altar, serial_shops,
          shop, nicolae_stop_n_shop_1, uniq_erica
D:9:      layout_basic, lemuel_round_altar, serial_shops,
          nicolae_shop_behind_doors, minmay_strange_pillars,
          chequers_serial_rivers_marsh, minmay_checkerbox
D:10:     layout_basic, lair_entry_dummy, uniq_erolcha
D:11:     layout_small_grid, chequers_big_river, kennysheep_big_empty_room,
          nicolae_wooded_promenade
D:12:     layout_basic, orc_0_dummy, nzn_ghost_randoct, minmay_diamond_spiral,
          uniq_fannar, uniq_snorg
D:13:     layout_long_grid, special_room [special_room_bee], ebering_ghost_xom
D:14:     lemuel_ogre_cave, layout_irregular_city, grunt_vaults_entry_fortified,
          serial_shops, shop, minmay_misc_feat_more_columns,
          hangedman_stone_soup
D:15:     grunt_enter_depths_hoard, layout_small_grid,
          chequers_serial_rivers_small_a
Lair:1:   layout_cave_pods, st_stairs_12, grunt_megastairs_1
Lair:2:   layout_roguey
Lair:3:   lemuel_slime, layout_hall_layers, minmay_shoals_entry_lonely_mermaid,
          guppyfry_snake_entry_garden, pond, serial_bayou_shore_b,
          lemuel_fruit_fields
Lair:4:   layout_gridlike, slime_entry_1
Lair:5:   due_jungle_book, layout_cave_pods, gauntlet_entry_generic
Snake:1:  cheibrodos_snake_ritualist_ritual, layout_onion, uniq_azrael
Snake:2:  cheibrodos_forgotten_conduit, layout_cave_shapes, drop_trap,
          uniq_mlioglotl, uniq_frances
Snake:3:  nicolae_snake_unarmed_stairs_patrol, layout_layer_cave,
          portal_ice_cave_entry_pillars_1, nicolae_snake_ghostly_warrior_ritual,
          lemuel_fruit_tree, uniq_aizul
Orc:1:    layout_caves, serial_shops, shop_fountains,
          nicolae_shop_advertising_works [nicolae_subvault_shop_adworks],
          nicolae_shop_hallway_stairs, nicolae_lakefront_shop,
          hellmonk_bongcloud_opening, elf_legates, uniq_josephine, uniq_harold
Orc:2:    st_orc_open, layout_caves, serial_shops, nicolae_shop_window_shopping,
          shop, shop, shop, nicolae_shop_trees, basic_altar,
          guppyfry_orc_lava_fort

Skill      XL: |  1  2  3  4  5  6  7  8  9 10 11 12 13 14 15 16 17 |
---------------+----------------------------------------------------+-----
Axes           | 4 5 6 7 8 10 12 14 16 18 20 22 23 25 26 | 26.2
Fighting       | 4 5 6 7 9 10 12 13 15 16 17 18 19 | 19.4
Armour         | 3 4 5 6 7 9 10 12 13 14 16 17 18 19 | 19.3
Dodging        | |  2.1

Action                   |  1- 3 |  4- 6 |  7- 9 | 10-12 | 13-15 | 16-18 || total
-------------------------+-------+-------+-------+-------+-------+-------++-------
Melee: Hand axe          |    71 |   128 |    15 |       |       |       ||   214
       Headbutt          |    13 |    21 |    44 |    76 |   193 |    67 ||   414
       Punch             |     1 |     1 |     2 |       |       |       ||     4
       War axe           |       |       |   236 |    46 |       |       ||   282
       Battleaxe         |       |       |       |   343 |   826 |   412 ||  1581
Invok: Berserk           |       |     1 |     3 |    11 |    16 |     7 ||    38
       Brothers in Arms  |       |       |       |     1 |       |       ||     1
       Trog's Hand       |       |       |       |       |       |     1 ||     1
Evoke: Wand              |       |       |       |       |     1 |     6 ||     7
  Use: Scroll            |       |       |     7 |     7 |    18 |     1 ||    33
       Potion            |       |       |       |     1 |     3 |     1 ||     5
 Stab: Distracted        |       |       |       |     1 |       |     1 ||     2
Armor: Scale mail        |    24 |    35 |       |       |       |       ||    59
       Animal skin       |     5 |       |       |       |       |       ||     5
       Chain mail        |       |    38 |   141 |   205 |       |       ||   384
       Plate armour      |       |       |       |    92 |   538 |   303 ||   933
Dodge: Dodged            |    35 |    84 |    89 |   187 |   248 |   157 ||   800
Block: Other             |       |       |    11 |    98 |   158 |    89 ||   356
       Reflection        |       |       |       |    11 |    11 |     5 ||    27
